 Dungeon Crawl Stone Soup version 0.22-a0-252-gcace5d2 (webtiles) character file.

116 Azzok the Magician (level 4, -6/24 HPs)
             Began as a Deep Elf Earth Elementalist on Mar 1, 2018.
             Killed by divine providence
             ... invoked by an orc priest
              (16 damage)
             ... on level 3 of the Dungeon.
             The game lasted 00:05:23 (3835 turns).

Azzok the Magician (Deep Elf Earth Elementalist)    Turns: 3835, Time: 00:05:24

Health: -6/24      AC:  4    Str:  5    XL:     4   Next: 69%
Magic:  13/13      EV: 13    Int: 21    God:
Gold:   121        SH:  0    Dex: 15    Spells: 9/13 levels left

rFire    . . .     SeeInvis .   i - +0 hand axe (freeze)
rCold    . . .     Gourm    .   (no shield)
rNeg     . . .     Faith    .   c - +0 robe
rPois    .         Spirit   .   (no helmet)
rElec    .         Reflect  .   r - scarf {repulsion}
rCorr    .         Harm     .   a - +0 pair of gloves
MR       .....                  q - +0 pair of boots
Stlth    ++........             (no amulet)
HPRegen  0.08/turn              (no ring)
MPRegen  0.13/turn              (no ring)

@: repel missiles
A: no striking features
a: no special abilities


You were on level 3 of the Dungeon.
You were not hungry.

You visited 1 branch of the dungeon, and saw 3 of its levels.

You collected 121 gold pieces.

Inventory:

Hand Weapons
 i - a +0 hand axe of freezing (weapon)
Missiles
 b - 71 stones (quivered)
Armour
 a - a +0 pair of gloves (worn)
 c - a +0 robe (worn)
 q - a +0 pair of boots (worn)
 r - a scarf of repulsion (worn)
Scrolls
 e - 3 scrolls of identify {unknown}
 g - 2 scrolls of remove curse {unknown}
 h - 2 scrolls of noise {unknown}
 l - a scroll of fog {unknown}
 m - a scroll of enchant armour {unknown}
 n - a scroll of magic mapping {unknown}
 p - a scroll of blinking {unknown}
Potions
 f - a potion of brilliance {unknown}
 j - 2 potions of invisibility {unknown}
 k - 3 potions of curing {unknown}
 o - 2 potions of heal wounds {unknown}
Comestibles
 d - 3 rations
 s - 3 chunks of flesh


   Skills:
 - Level 2.4 Dodging
 - Level 2.4 Stealth
 + Level 5.2 Spellcasting
   Level 1.1 Transmutations
 + Level 4.8 Earth Magic


You had 9 spell levels left.
You knew the following spells:

 Your Spells              Type           Power        Failure   Level  Hunger
a - Sandblast             Erth           ####..       1%          1    None
b - Stone Arrow           Conj/Erth      ###...       12%         3    ##.....


Dungeon Overview and Level Annotations

Branches:
Dungeon (3/15)

Altars:
Gozag


Message History

You see here a rat corpse.
The kobold shouts!
You hit the orc but do no damage. The orc completely misses you.
You closely miss the orc. The orc hits you but does no damage. x2
You hit the orc but do no damage. The orc hits you but does no damage.
An orc priest comes into view.
You closely miss the orc. The orc hits you but does no damage.
The orc priest shouts!
You hit the orc. You freeze the orc.
The orc is almost dead.
The orc closely misses you.
The orc priest invokes the aid of Beogh against you.
Beogh smites you!
Ouch! That really hurt!
The orc completely misses you.
The kobold throws a stone.
The stone closely misses you.
The orc priest mumbles some strange prayers to Beogh against you.
Beogh smites you!
Ouch! That really hurt!
You die...

▒▒▒▒·▒·▒·▒ ▒ ▒· ▒···
▒······▒·▒▒▒·▒▒·▒···▒ ▒▒▒· ·▒▒
··▒▒·▒÷·········o··)▒·▒··· ···
·····▒·▒·▒▒▒·▒▒··K··· ▒··▒ ▒·
··▒··▒·▒·▒ ▒·▒▒▒·▒·▒ ▒··▒ ▒·
·········▒ ▒····)†·▒ ▒▒··▒▒▒▒▒▒▒·
········▒▒ ▒▒▒▒▒o▒▒▒ ▒···▒▒···▒▒·
·▒▒·····▒ ▒▒·▒▒ ▒···▒··8··▒·
··▒·····▒ ▒·@·▒ ▒···········
·······▒▒ ▒···▒▒▒▒·▒▒▒▒·▒▒·▒▒
····▒·▒▒ ▒(········▒ ▒·▒▒·▒▒
······▒▒ ▒▒▒▒▒····▒▒▒▒·▒ ▒·▒▒···
▒·▒▒▒··▒▒▒▒···········▒·▒▒▒·▒▒▒▒▒
▒·▒ ▒·····················▒···[··
▒·▒ ▒▒·▒▒▒▒···········▒·▒·▒··▒▒▒▒
··▒ ▒·▒ ▒▒▒·▒·········▒)▒··▒ ▒▒▒
▒·▒ ▒·▒···▒·▒▒▒▒▒<▒··▒


You could see an orc priest, an orc and a kobold.

Vanquished Creatures
  An orc wizard (D:3)
  An adder (D:2)
  An ooze (D:1)
  A worm (D:3)
  A dart slug (D:1)
  3 leopard geckos
  3 orcs (D:3)
  A ball python (D:1)
  9 bats
  2 giant cockroaches
  6 hobgoblins
  10 jackals
  A quokka (D:2)
  3 frilled lizards
  7 goblins
  5 kobolds
  3 rats
58 creatures vanquished.

Notes
Turn   | Place    | Note
-------+----------+-------------------------------------------
     0 | D:1      | Azzok the Deep Elf Earth Elementalist began the quest for the Orb.
     0 | D:1      | Reached XP level 1. HP: 10/10 MP: 6/6
   687 | D:1      | Reached XP level 2. HP: 5/15 MP: 5/8
  1516 | D:1      | Reached skill level 4 in Spellcasting
  1966 | D:2      | Reached XP level 3. HP: 19/19 MP: 10/10
  2000 | D:2      | Learned a level 3 spell: Stone Arrow
  3053 | D:3      | Reached XP level 4. HP: 24/24 MP: 12/12
  3514 | D:3      | Found an opulent altar of Gozag.
  3714 | D:3      | Reached skill level 5 in Spellcasting
  3835 | D:3      | Killed from afar by an orc priest

Vault maps used:
D:1:      mushboom_english_gardens
D:3:      chequers_ecumenical_altar_lobes, minmay_misc_feat_x, minivault_4,
          mrwooster_statue_mirror, grunt_gozag_breadcrumbs

Skill      XL: |  1  2  3  4 |
---------------+-------------+-----
Spellcasting   | 4 5 |  5.2
Earth Magic    | 4 |  4.8
Dodging        | |  2.4
Stealth        | |  2.4
Transmutations | |  1.1

Action                   |  1- 3 |  4- 6 || total
-------------------------+-------+-------++-------
Melee: Club              |    40 |       ||    40
       Hand axe          |    67 |    42 ||   109
 Cast: Sandblast         |    11 |     4 ||    15
       Stone Arrow       |    14 |    10 ||    24
 Stab: Sleeping          |     3 |     1 ||     4
  Eat: Chunk             |     7 |     4 ||    11
Armor: Robe              |    40 |    18 ||    58
Dodge: Dodged            |   112 |    40 ||   152

Table legend:
 A = Spawn XP
 B = Non-spawn XP
 C = Spawn XP percentage of total XP
 D = Spawn monster count
 E = Non-spawn monster count
 F = Spawn count percentage of total count
 G = Total turns spent on level
                    A         B        C        D         E        F      G
               +---------+---------+-------+---------+---------+-------+---------
         Total |       0 |     166 |   0.0 |       0 |      58 |   0.0 |  3835
               +---------+---------+-------+---------+---------+-------+---------
           D:1 |       0 |      38 |   0.0 |       0 |      18 |   0.0 |  1818
           D:2 |       0 |      51 |   0.0 |       0 |      23 |   0.0 |  1209
           D:3 |       0 |      77 |   0.0 |       0 |      17 |   0.0 |   808
               +---------+---------+-------+---------+---------+-------+---------
